EL
MIDLAND ROCKHOUNDS @ BIRMINGHAM BARONS
04/23/2045
 
TOP OF THE 1ST
Midland RockHounds batting - Pitching for Birmingham Barons : RHP Ruben Castro
Pitching: RHP Ruben Castro
Batting: SHB Brace Harper 0-0: Ball
1-0: Ball
2-0: Called Strike
2-1: Foul Ball, location: 2F
2-2: Ground out 4-3 (Groundball, 4, EV 108.1 MPH)
Batting: RHB Dan Boylan 0-0: Called Strike
0-1: Ball
1-1: Ball
2-1: DOUBLE (Line Drive, 89XD, EV 106.9 MPH)
Batting: LHB John Shults 0-0: Called Strike
Dan Boylan steals 3rd base
0-1: Ball
1-1: Ball
2-1: SINGLE (Groundball, 6MD, EV 102.5 MPH)
Dan Boylan scores
Batting: RHB Miguel Trevino 0-0: Ball
1-0: Ball
2-0: 2-RUN HOME RUN (Line Drive, 7D, EV 98.8 MPH), Distance : 390 ft
Batting: LHB Mike Garland 0-0: Ball
1-0: Ball
2-0: Called Strike
2-1: Fly out, F4 (Line Drive, 4, EV 68.8 MPH)
Batting: LHB Zachary DeLuca 0-0: Ball
1-0: Foul Ball, location: 2F
1-1: Ball
2-1: Swinging Strike
2-2: Foul Ball, location: 2F
2-2: Foul Ball, location: 2F
2-2: Foul Ball, location: 2F
2-2: Ground out U3 (Groundball, 3L, EV 100.0 MPH)
Top of the 1st over - 3 runs, 3 hits, 0 errors, 0 left on base; Midland 3 - Birmingham 0
BOTTOM OF THE 1ST
Birmingham Barons batting - Pitching for Midland RockHounds : RHP John Barney
Pitching: RHP John Barney
Batting: RHB Jamie Ogilvie 0-0: Foul Ball, location: 2F
0-1: Foul Ball, location: 2F
0-2: Strikes out looking and he ARGUES THE CALL AND IS TOSSED!
Batting: RHB Brad Boals 0-0: Called Strike
0-1: Ground out 5-3 (Groundball, 56, EV 107.5 MPH)
Batting: LHB Angel Tellez 0-0: Ball
1-0: Swinging Strike
1-1: Ball
2-1: Foul Ball, location: 2F
2-2: Foul Ball, location: 2F
2-2: Fly out, F9 (Flyball, 89S, EV 83.1 MPH)
Bottom of the 1st over - 0 runs, 0 hits, 0 errors, 0 left on base; Midland 3 - Birmingham 0
TOP OF THE 2ND
Midland RockHounds batting - Pitching for Birmingham Barons : RHP Ruben Castro
Now at 3B: Paul Lloyd
Batting: SHB Gregg Whitecotton 0-0: Called Strike
0-1: Foul Ball, location: 2F
0-2: Ball
1-2: Ball
2-2: Ball
3-2: Base on Balls
Batting: RHB Jonathan Lugo 0-0: Called Strike
0-1: Called Strike
0-2: Ball
1-2: Ball
2-2: Foul Ball, location: 2F
2-2: SINGLE (Groundball, 6D, EV 96.3 MPH)
Gregg Whitecotton to second
Batting: SHB John Cummings 0-0: Called Strike
0-1: Foul Ball, location: 2F
0-2: Ball
1-2: Strikes out looking
Batting: SHB Brace Harper 0-0: Ball
1-0: Called Strike
Gregg Whitecotton steals 3rd base
Jonathan Lugo to second
1-1: Foul Ball, location: 2F
1-2: Ball
2-2: Ball
3-2: Foul Ball, location: 2F
3-2: Foul Ball, location: 2F
3-2: Foul Ball, location: 2F
3-2: Ground out 4-3 (Groundball, 4, EV 88.1 MPH)
Gregg Whitecotton scores
Jonathan Lugo to third
Batting: RHB Dan Boylan 0-0: SINGLE (Groundball, 56S, EV 67.5 MPH) (infield hit)
Jonathan Lugo scores
Pitching: RHP George Credle
Batting: LHB John Shults 0-0: Called Strike
Dan Boylan steals 2nd base
0-1: Ground out 3-1 (Groundball, 34, EV 80.6 MPH)
Top of the 2nd over - 2 runs, 2 hits, 0 errors, 1 left on base; Midland 5 - Birmingham 0
BOTTOM OF THE 2ND
Birmingham Barons batting - Pitching for Midland RockHounds : RHP John Barney
Batting: RHB Micah Brown 0-0: Ball
1-0: Ground out U3 (Groundball, 3S, EV 85.6 MPH)
Batting: LHB Dustin Taylor 0-0: Called Strike
0-1: Called Strike
0-2: Strikes out swinging
Batting: RHB Mike Warzecha 0-0: Called Strike
0-1: Ground out 4-3 (Groundball, 4, EV 90.0 MPH)
Bottom of the 2nd over - 0 runs, 0 hits, 0 errors, 0 left on base; Midland 5 - Birmingham 0
TOP OF THE 3RD
Midland RockHounds batting - Pitching for Birmingham Barons : RHP George Credle
Batting: RHB Miguel Trevino 0-0: Ball
1-0: Ball
2-0: Ball
3-0: Base on Balls
Batting: LHB Mike Garland 0-0: Ball
1-0: Called Strike
1-1: Ball
2-1: Swinging Strike
2-2: Ball
3-2: Foul Ball, location: 2F
3-2: SINGLE (Groundball, 3D, EV 105.6 MPH)
Miguel Trevino to second
Miguel Trevino to third
Batting: LHB Zachary DeLuca 0-0: Ball
1-0: Ball
2-0: Swinging Strike
2-1: Swinging Strike
2-2: Fly out, F8 (Line Drive, 8RD, EV 89.4 MPH)
Runner from 3rd tags up, SCORES, throw by CF
Batting: SHB Gregg Whitecotton 0-0: Swinging Strike
0-1: Ball
1-1: Ball
2-1: Foul Ball, location: 2F
2-2: Grounds into double play, 6-4-3 (Groundball, 6, EV 83.8 MPH)
Top of the 3rd over - 1 run, 1 hit, 0 errors, 0 left on base; Midland 6 - Birmingham 0
BOTTOM OF THE 3RD
Birmingham Barons batting - Pitching for Midland RockHounds : RHP John Barney
Batting: LHB Alberto Carrasco 0-0: Ball
1-0: Foul Ball, location: 2F
1-1: Ball
2-1: Ground out 6-3 (Groundball, 56, EV 106.3 MPH)
Batting: LHB John Thurman 0-0: Ball
1-0: Ball
2-0: Ball
3-0: Base on Balls
Batting: RHB Felix Torres 0-0: Called Strike
John Thurman steals 2nd, throwing error, E2
John Thurman to third
0-1: Foul Ball, location: 2F
0-2: Fly out, F7 (Flyball, 7S, EV 86.9 MPH)
Batting: RHB Paul Lloyd 0-0: Swinging Strike
0-1: Foul Ball, location: 2F
0-2: Ball
1-2: Strikes out swinging
Bottom of the 3rd over - 0 runs, 0 hits, 1 error, 1 left on base; Midland 6 - Birmingham 0
TOP OF THE 4TH
Midland RockHounds batting - Pitching for Birmingham Barons : RHP George Credle
Batting: RHB Jonathan Lugo 0-0: Called Strike
0-1: Swinging Strike
0-2: Ball
1-2: Ball
2-2: Strikes out swinging, 2-3 out at first.
Batting: SHB John Cummings 0-0: Swinging Strike
0-1: Called Strike
0-2: Foul Ball, location: 2F
0-2: Foul Ball, location: 2F
0-2: Ball
1-2: Ball
2-2: Strikes out looking
Batting: SHB Brace Harper 0-0: Called Strike
0-1: Called Strike
0-2: Ball
1-2: Strikes out looking
Top of the 4th over - 0 runs, 0 hits, 0 errors, 0 left on base; Midland 6 - Birmingham 0
BOTTOM OF THE 4TH
Birmingham Barons batting - Pitching for Midland RockHounds : RHP John Barney
Batting: RHB Brad Boals 0-0: Foul Ball, location: 2F
0-1: Called Strike
0-2: Foul Ball, location: 2F
0-2: Strikes out looking
Batting: LHB Angel Tellez 0-0: Called Strike
0-1: Ground out 5-3 (Groundball, 56, EV 78.1 MPH)
Batting: RHB Micah Brown 0-0: Called Strike
0-1: Called Strike
0-2: Ball
1-2: Ball
2-2: SINGLE (Groundball, 34D, EV 98.8 MPH)
Batting: LHB Dustin Taylor 0-0: Swinging Strike
0-1: Foul Ball, location: 2F
0-2: Ball
1-2: Foul Ball, location: 2F
1-2: Foul Ball, location: 2F
1-2: Ball
2-2: Ground out 4-3 (Groundball, 4M, EV 106.9 MPH)
Bottom of the 4th over - 0 runs, 1 hit, 0 errors, 1 left on base; Midland 6 - Birmingham 0
TOP OF THE 5TH
Midland RockHounds batting - Pitching for Birmingham Barons : RHP George Credle
Batting: RHB Dan Boylan 0-0: Ground out 4-3 (Groundball, 4, EV 105.6 MPH)
Batting: LHB John Shults 0-0: Swinging Strike
0-1: Called Strike
0-2: Foul Ball, location: 2F
0-2: Ball
1-2: Ball
2-2: Ground out 3-1 (Groundball, 34, EV 90.6 MPH)
Batting: RHB Miguel Trevino 0-0: Called Strike
0-1: DOUBLE (Line Drive, 9LM, EV 108.8 MPH)
Batting: LHB Mike Garland 0-0: Called Strike
0-1: Ground out 6-3 (Groundball, 6M, EV 102.5 MPH)
Top of the 5th over - 0 runs, 1 hit, 0 errors, 1 left on base; Midland 6 - Birmingham 0
BOTTOM OF THE 5TH
Birmingham Barons batting - Pitching for Midland RockHounds : RHP John Barney
Batting: RHB Mike Warzecha 0-0: Foul Ball, location: 2F
0-1: Ball
1-1: SINGLE (Groundball, 3D, EV 100.6 MPH)
Batting: LHB Alberto Carrasco 0-0: Called Strike
0-1: Ball
1-1: Called Strike
1-2: Ball
2-2: Ball
3-2: Foul Ball, location: 2F
3-2: Foul Ball, location: 2F
3-2: Fly out, F8 (Line Drive, 8LD, EV 85.6 MPH)
Batting: LHB John Thurman 0-0: Fly out, F7 (Flyball, 78XD, EV 84.4 MPH)
Batting: RHB Felix Torres 0-0: Called Strike
0-1: Ground out 5-3 (Groundball, 56S, EV 90.6 MPH)
Bottom of the 5th over - 0 runs, 1 hit, 0 errors, 1 left on base; Midland 6 - Birmingham 0
TOP OF THE 6TH
Midland RockHounds batting - Pitching for Birmingham Barons : RHP George Credle
Batting: LHB Zachary DeLuca 0-0: Ball
1-0: Ball
2-0: Ball
3-0: Base on Balls
Pitching: RHP Mario Zarate
Batting: SHB Gregg Whitecotton 0-0: DOUBLE (Line Drive, 3D, EV 109.4 MPH)
Zachary DeLuca to third
Runner from 3rd tries for Home, SAFE, no throw by RF
Batting: RHB Jonathan Lugo 0-0: Foul Ball, location: 2F
0-1: Ball
1-1: Foul Ball, location: 2F
1-2: Strikes out swinging
Batting: SHB John Cummings 0-0: Ball
Balk!
Gregg Whitecotton to third
1-0: Foul Ball, location: 2F
1-1: Ball
2-1: Ball
3-1: Foul Ball, location: 2F
3-2: Foul Ball, location: 2F
3-2: Foul Ball, location: 2F
3-2: Base on Balls
Batting: SHB Brace Harper 0-0: Called Strike
0-1: Foul Ball, location: 2F
0-2: Ball
1-2: Foul Ball, location: 2F
1-2: Ball
2-2: Foul Ball, location: 2F
2-2: Foul Ball, location: 2F
2-2: Ball
3-2: Base on Balls
John Cummings to second
Batting: RHB Dan Boylan 0-0: Foul Ball, location: 2F
0-1: Called Strike
0-2: Fly out, F8 (Line Drive, 8RM, EV 99.4 MPH)
Runner from 3rd tags up, SCORES, throw by CF
Batting: LHB John Shults 0-0: Called Strike
0-1: Swinging Strike
0-2: Foul Ball, location: 2F
0-2: Ball
1-2: Fly out, F9 (Flyball, 89M, EV 90.6 MPH)
Top of the 6th over - 2 runs, 1 hit, 0 errors, 2 left on base; Midland 8 - Birmingham 0
BOTTOM OF THE 6TH
Birmingham Barons batting - Pitching for Midland RockHounds : RHP John Barney
Batting: RHB Paul Lloyd 0-0: Ball
1-0: Fly out, F9 (Flyball, 9, EV 84.4 MPH)
Batting: RHB Brad Boals 0-0: Swinging Strike
0-1: Ball
1-1: Ground out 5-3 (Groundball, 56, EV 78.8 MPH)
Batting: LHB Angel Tellez 0-0: Ball
1-0: Ball
2-0: Called Strike
2-1: Swinging Strike
2-2: Ball
3-2: Base on Balls
Batting: RHB Micah Brown 0-0: Ball
1-0: SINGLE (Groundball, 4MD, EV 104.4 MPH)
Angel Tellez to second
Batting: LHB Dustin Taylor 0-0: Ball
1-0: Foul Ball, location: 2F
1-1: Ball
2-1: Fly out, F9 (Flyball, 89XD, EV 96.3 MPH)
Bottom of the 6th over - 0 runs, 1 hit, 0 errors, 2 left on base; Midland 8 - Birmingham 0
TOP OF THE 7TH
Midland RockHounds batting - Pitching for Birmingham Barons : RHP Mario Zarate
Batting: RHB Miguel Trevino 0-0: Called Strike
0-1: Foul Ball, location: 2F
0-2: Ball
1-2: Ball
2-2: Ball
3-2: Base on Balls
Pitching: RHP Drew Tollefsen
Batting: LHB Mike Garland 0-0: Ball
Miguel Trevino is caught stealing 2nd base 2-6
1-0: Ball
2-0: Ground out 6-3 (Groundball, 6M, EV 103.8 MPH)
Batting: LHB Zachary DeLuca 0-0: Ball
1-0: Swinging Strike
1-1: Ball
2-1: SINGLE (Groundball, 4M, EV 105.0 MPH) (infield hit)
Batting: SHB Gregg Whitecotton 0-0: Ball
1-0: Ground out 5-3 (Groundball, 56S, EV 91.9 MPH)
Top of the 7th over - 0 runs, 1 hit, 0 errors, 1 left on base; Midland 8 - Birmingham 0
BOTTOM OF THE 7TH
Birmingham Barons batting - Pitching for Midland RockHounds : RHP John Barney
Batting: RHB Mike Warzecha 0-0: Foul Ball, location: 2F
0-1: Called Strike
0-2: Ball
1-2: Ball
2-2: Foul Ball, location: 2F
2-2: Foul Ball, location: 2F
2-2: Strikes out swinging
Batting: LHB Alberto Carrasco 0-0: Ground out 6-3 (Groundball, 6D, EV 96.3 MPH)
Pinch Hitting: RHB Adam Lambert 0-0: Ball
1-0: Called Strike
1-1: Ball
2-1: Ball
3-1: Foul Ball, location: 2F
3-2: Strikes out swinging
Bottom of the 7th over - 0 runs, 0 hits, 0 errors, 0 left on base; Midland 8 - Birmingham 0
TOP OF THE 8TH
Midland RockHounds batting - Pitching for Birmingham Barons : RHP Drew Tollefsen
Now in RF: Adam Lambert
Batting: RHB Jonathan Lugo 0-0: Ball
1-0: Called Strike
1-1: SINGLE (Line Drive, 9S, EV 105.6 MPH)
Batting: SHB John Cummings 0-0: Ball
1-0: Called Strike
1-1: Foul Ball, location: 2F
1-2: Strikes out looking
Batting: SHB Brace Harper 0-0: Called Strike
0-1: Ball
1-1: Ball
2-1: Foul Ball, location: 2F
2-2: Ball
3-2: Foul Ball, location: 2F
3-2: SINGLE (Groundball, 4MD, EV 111.3 MPH)
Jonathan Lugo to second
Batting: RHB Dan Boylan 0-0: Fly out, F8 (Flyball, 8RD, EV 66.9 MPH)
Batting: LHB John Shults 0-0: Ball
1-0: Called Strike
1-1: Called Strike
1-2: Strikes out swinging
Top of the 8th over - 0 runs, 2 hits, 0 errors, 2 left on base; Midland 8 - Birmingham 0
BOTTOM OF THE 8TH
Birmingham Barons batting - Pitching for Midland RockHounds : RHP John Barney
Batting: RHB Felix Torres 0-0: Called Strike
0-1: SINGLE (Groundball, 56D, EV 100.0 MPH) (infield hit)
Pitching: RHP Ace Gaskins
Batting: RHB Paul Lloyd 0-0: Called Strike
0-1: Ball
1-1: Swinging Strike
1-2: Ball
2-2: Foul Ball, location: 2F
2-2: Ball
3-2: Strikes out swinging
Batting: RHB Brad Boals 0-0: Ball
1-0: Ball
2-0: Called Strike
2-1: Swinging Strike
2-2: Strikes out swinging
Pinch Hitting: LHB Wes Goscinski 0-0: Swinging Strike
0-1: Swinging Strike
0-2: Foul Ball, location: 2F
0-2: Ball
1-2: Strikes out looking
Bottom of the 8th over - 0 runs, 1 hit, 0 errors, 1 left on base; Midland 8 - Birmingham 0
TOP OF THE 9TH
Midland RockHounds batting - Pitching for Birmingham Barons : RHP Drew Tollefsen
Pitching: LHP Steven Wolf
Now at 1B: Wes Goscinski
Batting: RHB Miguel Trevino 0-0: Ball
1-0: Foul Ball, location: 2F
1-1: Foul Ball, location: 2F
1-2: Ball
2-2: Ball
3-2: SINGLE (Line Drive, 89M, EV 100.0 MPH)
Batting: LHB Mike Garland 0-0: Foul Ball, location: 2F
0-1: DOUBLE (Flyball, 78D, EV 103.1 MPH)
Miguel Trevino to third
Batting: LHB Zachary DeLuca 0-0: Ball
1-0: Ball
2-0: Ball
3-0: Called Strike
3-1: Swinging Strike
3-2: Strikes out swinging
Batting: SHB Gregg Whitecotton 0-0: Ball
1-0: Called Strike
1-1: Swinging Strike
1-2: Strikes out swinging
Batting: RHB Jonathan Lugo 0-0: Ball
1-0: Ball
2-0: Called Strike
2-1: Ball
3-1: Ground out 1-3 (Groundball, 34S, EV 73.1 MPH)
Top of the 9th over - 0 runs, 2 hits, 0 errors, 2 left on base; Midland 8 - Birmingham 0
BOTTOM OF THE 9TH
Birmingham Barons batting - Pitching for Midland RockHounds : RHP Ace Gaskins
Pinch Hitting: RHB Jeff Cox 0-0: Ball
1-0: Called Strike
1-1: Called Strike
1-2: Ball
2-2: Fly out, F3 (Line Drive, 3, EV 71.3 MPH)
Batting: LHB Dustin Taylor 0-0: Ball
1-0: Ball
2-0: Ball
3-0: Called Strike
3-1: Called Strike
3-2: Base on Balls
Batting: RHB Mike Warzecha 0-0: SINGLE (Groundball, 34D, EV 98.1 MPH)
Dustin Taylor to second
Batting: LHB Alberto Carrasco 0-0: Foul Ball, location: 2F
0-1: Called Strike
0-2: Ball
1-2: Fly out, F8 (Flyball, 8LM, EV 93.1 MPH)
Pinch Hitting: LHB Preston Knaak 0-0: Called Strike
0-1: Ball
1-1: Ball
2-1: Ball
3-1: Called Strike
3-2: SINGLE (Line Drive, 89S, EV 87.5 MPH)
Dustin Taylor to third
Mike Warzecha to second
Dustin Taylor scores
Mike Warzecha to third
Batting: RHB Felix Torres 0-0: Ball
1-0: Called Strike
1-1: Ball
2-1: Swinging Strike
2-2: Ball
3-2: Ground out 6-3 (Groundball, 6, EV 86.9 MPH)
Bottom of the 9th over - 1 run, 2 hits, 0 errors, 2 left on base; Midland 8 - Birmingham 1
Wednesday, June 22nd , 2022 - OOTP Baseball 23.4 Build 64